 Dungeon Crawl Stone Soup version 0.24.0-123-gd5b16e6ec5 (webtiles) character file.

Game seed: 13584643285446219084, levelgen mode: deterministic

5 Descartes the Vexing (level 1, -2/7 HPs)
             Began as a Felid Enchanter on Feb 7, 2020.
             Slain by a leopard gecko (5 damage)
             ... on level 1 of the Dungeon.
             The game lasted 00:01:26 (334 turns).

Descartes the Vexing (Felid Enchanter)               Turns: 334, Time: 00:01:26

Health: -2/7       AC:  1    Str:  4    XL:     1   Next: 66%
Magic:  4/4        EV: 18    Int: 16    God:
Gold:   32         SH:  0    Dex: 16    Spells: 3/4 levels left
                                        Lives:  0   Deaths: 0

rFire    . . .     SeeInvis +     - Unarmed
rCold    . . .     Gourm    .   (shield unavailable)
rNeg     . . .     Faith    .   (armour unavailable)
rPois    .         Spirit   .   (helmet unavailable)
rElec    .         Reflect  .   (cloak unavailable)
rCorr    .         Harm     .   (gloves unavailable)
MR       .....                  (boots unavailable)
Stlth    +++.......             (no amulet)
HPRegen  0.02/turn              (no ring)
MPRegen  0.09/turn              (no ring)

@: quick
A: very small, no armour, no weapons or thrown items, stealth, claws 1, fangs 3,
see invisible, carnivore, speed 1, shaggy fur 1, slow metabolism 1, sharp paws
a: no special abilities


You were on level 1 of the Dungeon.
You were not hungry.

You visited 1 branch of the dungeon, and saw 1 of its levels.

You collected 32 gold pieces.

Inventory:

Scrolls
 a - a scroll of teleportation {unknown}
 c - 3 scrolls of remove curse {unknown}
Comestibles
 b - a ration


   Skills:
 + Level 3.0 Dodging
 + Level 4.2 Stealth
 + Level 1.2 Unarmed Combat
 - Level 2.0 Spellcasting
 - Level 4.4 Hexes


You had 3 spell levels left.
You knew the following spells:

 Your Spells              Type           Power        Failure   Level  Hunger
a - Corona                Hex            ###....      3%          1    #......

Your spell library contained the following spells:

 Spells                   Type           Power        Failure   Level  Hunger
 Confuse                  Hex            ###.....     11%         3    ###....
 Tukima's Dance           Hex            ###.....     11%         3    ###....
 Ensorcelled Hibernation  Hex/Ice        #.....       13%         2    ###....
 Dazzling Spray           Conj/Hex       #.....       26%         3    ###....


Dungeon Overview and Level Annotations

Branches:
Dungeon (1/15)

Altars:


Innate Abilities, Weirdness & Mutations

You cannot wear armour.
You are incapable of wielding weapons or throwing items.
Your paws allow you to move quietly. (Stealth)
You have sharp claws.
You have razor-sharp teeth.
You have supernaturally acute eyesight. (SInv)
You are carnivorous and can eat meat at any time.
You cover ground quickly.
You are covered in fur. (AC +1)
You have a slow metabolism.
Your sharp claws are effective at attacking unaware monsters.


Message History

The leopard gecko is heavily wounded.
The leopard gecko misses you.
You scratch the leopard gecko.
The leopard gecko is severely wounded.
The leopard gecko completely misses you.
You scratch the leopard gecko but do no damage.
The leopard gecko is severely wounded.
The leopard gecko bites you.
Ouch! That really hurt!
You are too injured to fight recklessly!
You are too injured to fight recklessly!
You miss the leopard gecko. Your bite misses the leopard gecko.
The leopard gecko is severely wounded.
The leopard gecko closely misses you. x2
You closely miss the leopard gecko.
The leopard gecko is severely wounded.
The dart slug launches a dart at you. The slug dart misses you.
The leopard gecko bites you.
Ouch! That really hurt!
You die...

#.## #...#
#..####...#
#...)....#
#.#####..#
#.....[..#
###..####.##
#..........
#.#........
#.#@.......#
# #l.......
#....)...
#........
#........
#.....w..
+......>.
#........


You could see a dart slug and a leopard gecko.

Vanquished Creatures
  A bat (D:1)
  A hobgoblin (D:1)
  A kobold (D:1)
  A frilled lizard (D:1)
  A rat (D:1)
5 creatures vanquished.

Notes
Turn   | Place    | Note
-------+----------+-------------------------------------------
     0 | D:1      | Descartes the Felid Enchanter began the quest for the Orb.
     0 | D:1      | Reached XP level 1. HP: 7/7 MP: 4/4
   334 | D:1      | Slain by a leopard gecko

Levels and vault maps discovered:
D:1:      dpeg_arrival_oval, layout_basic

Skill      XL: |  1 |
---------------+----+-----
Dodging        | 3 |  3.0
Stealth        | |  4.2
Unarmed Combat | |  1.2
Spellcasting   | |  2.0
Hexes          | |  4.4

Action                   || total
-------------------------++-------
Melee: Unarmed           ||    26
Armor: Skin              ||     1
Dodge: Dodged            ||    27
